 Dungeon Crawl Stone Soup version 0.27-a0-679-g77a6b55cf3 (webtiles) character file.

Game seed: 9905349454076595032

52 kae the Ruffian (level 3, 0/31 HPs)
             Began as a Naga Transmuter on Mar 18, 2021.
             Slain by a hobgoblin
             ... wielding a +0 club
              (4 damage)
             ... on level 2 of the Dungeon.
             The game lasted 00:01:45 (2068 turns).

kae the Ruffian (Naga Transmuter)                   Turns: 2068, Time: 00:01:45

Health: 0/31       AC:  2    Str: 13    XL:     3   Next: 85%
Magic:  2/6        EV: 10    Int: 13    God:
Gold:   57         SH:  0    Dex: 11    Spells: 2/6 levels left

rFire    . . .     SeeInvis +     - Unarmed
rCold    . . .     Faith    .   (no shield)
rNeg     . . .     Spirit   .   a - +0 robe
rPois    +         Reflect  .   (helmet currently unavailable)
rElec    .         Harm     .   (no cloak)
rCorr    .         Rampage  .   (no gloves)
Will     .....                  (no barding)
Stlth    +.........             (no amulet)
HPRegen  0.10/turn              (no ring)
MPRegen  0.10/turn              (no ring)

@: appendages (expiring), very slightly contaminated, very slow
A: horns 2, AC +1, large, see invisible, deformed body, poison resistance,
slowness 2, spit poison 1, naga tail 1
a: Spit Poison, End Transformation


You were on level 2 of the Dungeon.
You had temporarily grown beastly horns.
You visited 1 branch of the dungeon, and saw 2 of its levels.

You collected 57 gold pieces.

Inventory:

Armour
 a - a +0 robe (worn)
Scrolls
 b - a scroll of torment {unknown}
 c - a scroll of amnesia {unknown}
 d - a scroll of blinking {unknown}
 g - a scroll of noise {unknown}
Potions
 e - a potion of haste {unknown}
 f - a potion of berserk rage {unknown}


   Skills:
 + Level 1.5 Fighting
 + Level 1.8 Dodging
 * Level 3.4 Unarmed Combat
 + Level 2.2 Spellcasting
 * Level 2.8 Transmutations
 * Level 0.7 Poison Magic


You had 2 spell levels left.
You knew the following spells:

 Your Spells              Type           Power      Damage    Failure   Level
a - Beastly Appendage     Tmut           16%        N/A       8%          1
b - Spider Form           Tmut/Pois      3%         N/A       34%         3

Your spell library contained the following spells:

 Spells                   Type           Power      Damage    Failure   Level
 Wereblood                Tmut           8%         N/A       12%         2
 Ice Form                 Ice/Tmut       5%         N/A       80%         4
 Blade Hands              Tmut           4%         N/A       91%         5


Dungeon Overview and Level Annotations

Branches:
Dungeon (2/15)

Altars:
Okawaru

Shops:
D:1 [


Innate Abilities, Weirdness & Mutations

You have temporarily grown beastly horns.
Your serpentine skin is tough. (AC +1)
You have supernaturally acute eyesight. (SInv)
Armour fits poorly on your strangely shaped body.
Your system is resistant to poisons. (rPois)
You cover ground very slowly.
You can spit poison.
You have a snake-like lower body.


Message History

Abil: Spit Poison
Press: ? - help, Q - select action, (/) - cycle Shift-Dir - straight line, f - hobgoblin
Aim: a hobgoblin, wielding a +0 club The splash of poison misses the hobgoblin.
A hobgoblin is nearby!
A hobgoblin is nearby!
You are too injured to fight recklessly!
You are too injured to fight recklessly!
Casting: Beastly Appendage (safe; 8% risk of failure)
Confirm with . or Enter, or press ? or * to list all spells.
You grow a pair of large bovine horns.
Casting: Beastly Appendage (safe; 8% risk of failure)
Confirm with . or Enter, or press ? or * to list all spells.
The spell is extremely dangerous to cast (34% risk of failure)!
Continue anyway? [Y]es or [N]o only, please.
The spell is extremely dangerous to cast (34% risk of failure)!
Continue anyway?
You miscast Spider Form.
You are very lightly contaminated with residual magic.
Nothing appears to happen.
You have got your breath back.
You closely miss the hobgoblin. The hobgoblin closely misses you.
You hit the hobgoblin.
The hobgoblin is almost dead.
Your transformation is almost over.
The hobgoblin closely misses you.
You closely miss the hobgoblin.
The hobgoblin is almost dead.
The hobgoblin hits you with a +0 club.
You hit the hobgoblin but do no damage.
The hobgoblin is almost dead.
The hobgoblin hits you with a +0 club.
* * * LOW HITPOINT WARNING * * *
You closely miss the hobgoblin.
The hobgoblin is severely wounded.
The hobgoblin hits you with a +0 club.
* * * LOW HITPOINT WARNING * * *
You closely miss the hobgoblin.
The hobgoblin is severely wounded.
The hobgoblin hits you with a +0 club.
You die...

#####.... . ########..w..... ##.#
..)............. ..<#.
..)#####........ ##.....
#..#####.....#.. .......##...
#.....##....# .. >......#....##..
#.###.##....###.#...............#
#.# #.##....##...g##.............
#.# #......##...@###.#.........##
#w# ###....##.##...#.#.........##
#.# #.......####..>..........##
#.# #.###..###.........#.....##
#)#####.# ..##.##.....###....##
#.......####.....##.......†....##
#######......######...#.).).#..##
.........##### ....(##.._..##.#.
.#####....<#####<.....#.).).#....


You could see a hobgoblin.

Vanquished Creatures
  2 adders (D:2)
  An ooze (D:1)
  A worm (D:2)
  A dart slug (D:2)
  A leopard gecko (D:2)
  2 giant cockroaches
  4 hobgoblins
  A quokka (D:2)
  4 bats
  2 frilled lizards (D:2)
  5 kobolds
  3 rats (D:1)
27 creatures vanquished.

Notes
Turn   | Place    | Note
-------+----------+-------------------------------------------
     0 | D:1      | kae the Naga Transmuter began the quest for the Orb.
     0 | D:1      | Reached XP level 1. HP: 18/18 MP: 3/3
   299 | D:1      | Reached XP level 2. HP: 14/25 MP: 3/5
   520 | D:1      | Found Loziafoph's Antique Armour Shop.
   748 | D:1      | HP: 1/25 [kobold/+0 dagger (3)]
  1388 | D:2      | Reached XP level 3. HP: 21/31 MP: 6/6
  1392 | D:2      | Learned a level 3 spell: Spider Form
  1856 | D:2      | Found an iron altar of Okawaru.
  2068 | D:2      | Slain by a hobgoblin

Illustrated notes

Levels and vault maps discovered:
D:1:      minmay_arrival_solitary_statue, layout_loops_ring, serial_shops, shop
D:2:      layout_rooms, okawaru_ov_weapons_minmay

Action                   || total
-------------------------++-------
Melee: Unarmed           ||    77
       Headbutt          ||     5
 Cast: Beastly Appendage ||    14
       Spider Form       ||     1
 Abil: Spit Poison       ||    25
Armor: Robe              ||     7
Dodge: Dodged            ||    43

Table legend: (Time is in decaauts)
 A = Elapsed time spent in this place.
 B = Non-inter-level travel time spent in this place.
 C = Inter-level travel time spent in this place.
 D = Time resting spent in this place.
 E = Time spent auto-exploring this place.
 F = Levels seen in this place.
 G = Mean time per level.
                   A        B        C        D        E       F      G
               +--------+--------+--------+--------+--------+-----+--------+
         Total |   2378 |   2349 |     29 |      6 |   2091 |   2 | 1189.0 |
       Dungeon |   2378 |   2349 |     29 |      6 |   2091 |   2 | 1189.0 |
               +--------+--------+--------+--------+--------+-----+--------+

Top non-repeatable levels by time:
     D:1: 1570 daAuts
     D:2: 808 daAuts
